 Dungeon Crawl Stone Soup version 0.30-a0-377-g5cb311bc9f (webtiles) character file.

Game seed: 15896853934915259779

18 sanka the Firebug (level 2, 0/24 HPs)
             Began as a Ghoul Fire Elementalist on Nov 27, 2022.
             Slain by a goblin
             ... wielding a +0 club
              (2 damage)
             ... on level 2 of the Dungeon.
             The game lasted 00:02:07 (773 turns).

sanka the Firebug (Ghoul Fire Elementalist)          Turns: 773, Time: 00:02:07

Health: 0/24       AC:  6    Str: 11    XL:     2   Next: 66%
Magic:  3/3        EV:  8    Int: 10    God:
Gold:   104        SH:  0    Dex:  9    Spells: 3/4 levels left

rFire   . . .      SeeInvis .    m - +0 spear
rCold   + . .      Faith    .    (no shield)
rNeg    + + +      Spirit   .    j - +0 scale mail
rPois   ∞          Reflect  .    (no helmet)
rElec   .          Harm     .    (no cloak)
rCorr   .          Rampage  .    (no gloves)
Will    .....                    (no boots)
Stlth   ..........               (no amulet)
HPRegen 0.00/turn                (no ring)
MPRegen 0.08/turn                (no ring)

@: inhibited regen
A: claws 1, cold resistance 1, negative energy resistance 3, inhibited
regeneration, torment resistance 2, devour on kill
a: no special abilities


You were on level 2 of the Dungeon.
You visited 1 branch of the dungeon, and saw 2 of its levels.

You collected 104 gold pieces.


Innate Abilities, Weirdness & Mutations

You are immune to poison.
You have sharp fingernails.
Your flesh is cold resistant. (rC+)
You are immune to negative energy. (rN+++)
You do not regenerate when monsters are visible.
You are immune to unholy pain and torment.
You thrive by killing the living.


   Skills:
 + Level 2.3 Fighting
 * Level 0.3 Polearms
 - Level 1.7 Dodging
 - Level 2.1 Stealth
 - Level 1.7 Spellcasting
 - Level 0.7 Conjurations
 - Level 2.4 Fire Magic


You had 3 spell levels left.
You knew the following spells:

 Your Spells              Type           Power      Damage    Failure   Level
y - Foxfire               Conj/Fire      16%        2x1d4     71%         1

Your spell library contained the following spells:

 Spells                   Type           Power      Damage    Failure   Level
 Scorch                   Fire           10%        2d5       75%         2
 Inner Flame              Hex/Fire       3%         N/A       98%         3
 Kindle Blastsparks       Fire/Tloc/Air  4%         2d10      99%         3
 Flame Wave               Conj/Fire      4%         2d5       100%        4

Inventory:

Hand Weapons
 m - a +0 spear (weapon)
Armour
 a - a +0 robe
 j - a +0 scale mail (worn)
Jewellery
 i - an amulet of magic regeneration
Scrolls
 d - a scroll of magic mapping {unknown}
 f - a scroll of enchant weapon {unknown}
 g - a scroll of teleportation {unknown}
Potions
 b - a potion of magic
 c - a potion of curing {unknown}
 e - a potion of haste {unknown}
 h - a potion of attraction {unknown}
 k - a potion of brilliance {unknown}
 l - a potion of degeneration {unknown}

Dungeon Overview and Level Annotations

Branches:
Dungeon (2/15)

Altars:

▒▒▒▒▒▒▒▒▒
▒.......▒
▒n▒
...▒▒▒g▒▒▒▒
.........<.▒
▒▒.▒▒▒▒.▒▒£▒
▒.. ... ▒..
....▒
▒.▒..▒.▒▒
▒.▒.▒▒.▒
▒.▒.▒ ▒


You could see a goblin.


Message History

You hit the goblin.
The goblin is severely wounded.
The goblin hits you but does no damage.
You barely miss the goblin.
The goblin is severely wounded.
The goblin hits you but does no damage.
You closely miss the goblin.
The goblin is severely wounded.
The goblin hits you with a +0 club.
* * * LOW HITPOINT WARNING * * *
You barely miss the goblin.
The goblin is severely wounded.
The goblin hits you but does no damage.
You barely miss the goblin. Your claw misses the goblin.
The goblin is severely wounded.
The goblin hits you with a +0 club.
* * * LOW HITPOINT WARNING * * *
You closely miss the goblin.
The goblin is severely wounded.
The goblin hits you with a +0 club.
* * * LOW HITPOINT WARNING * * *
You hit the goblin but do no damage.
The goblin is severely wounded.
The goblin hits you but does no damage.
You closely miss the goblin.
The goblin is severely wounded.
The goblin barely misses you. The goblin hits you with a +0 club.
You die...

Action                   || total
-------------------------++-------
Melee: Unarmed           ||    62
       Spear             ||    25
       Punch             ||     1
 Stab: Sleeping          ||     1
Armor: Robe              ||    12
       Scale mail        ||    12
Dodge: Dodged            ||    54

Levels and vault maps discovered:
D:1:      onia_arrival_pyramid, layout_rooms, minmay_misc_feat_tower
D:2:      layout_loops_cross, serial_shops, nicolae_shop_trees, minmay_3d_cube

Notes
Turn   | Place    | Note
-------+----------+-------------------------------------------
     0 | D:1      | sanka the Ghoul Fire Elementalist began the quest for the
                  | Orb.
     0 | D:1      | Reached XP level 1. HP: 14/14 MP: 2/2
    78 | D:1      | Reached skill level 1 in Fighting
    94 | D:1      | Reached XP level 2. HP: 5/24 MP: 3/3
   229 | D:1      | Reached skill level 2 in Fighting
   771 | D:2      | HP: 2/24 [goblin/+0 club (4)]
   773 | D:2      | Slain by a goblin

Vanquished Creatures
  4 ball pythons (D:1)
  An endoplasm (D:1)
  A hobgoblin (D:1)
  2 jackals (D:2)
  2 bats (D:1)
  2 frilled lizards (D:1)
  A goblin (D:1)
  2 kobolds (D:1)
  3 rats (D:1)
18 creatures vanquished.
